 Dungeon Crawl Stone Soup version 0.30-a0-652-gcc886f7154 (webtiles) character file.

Game seed: 10558898373928084380

239806 Mitcholas the Crack Shot (level 18, -15/110 HPs)
             Began as a Deep Elf Hunter on Jan 17, 2023.
             Was the Champion of Okawaru.
             Killed by a resonance strike
             ... invoked by Zenata
              (20 damage)
             ... on level 2 of the Elven Halls.
             The game lasted 04:22:38 (41420 turns).

Mitcholas the Crack Shot (Deep Elf Hunter)         Turns: 41420, Time: 04:22:38

Health: -15/110    AC: 20    Str: 10    XL:     18   Next: 60%
Magic:  30/30      EV: 24    Int: 21    God:    Okawaru [******]
Gold:   3112       SH: 14    Dex: 26    Spells: 23/31 levels left

rFire   + . .      SeeInvis .    a - +6 hand crossbow (freeze)
rCold   + + .      Faith    +    G - +0 kite shield {AC+3}
rNeg    + . .      Spirit   .    j - +2 leather armour {Will+}
rPois   +          Reflect  .    H - +2 helmet
rElec   +          Harm     .    s - scarf {rC+ rF+}
rCorr   .          Rampage  .    S - +2 pair of gloves "Nepupo" {Int+2 Slay+2}
Will    +++..                    h - +0 pair of boots of the Falcon {rElec rC+ rN+}
Stlth   ++++++                   M - amulet of faith
HPRegen 0.38/turn                E - +4 ring of slaying
MPRegen 0.22/turn                r - ring of Sedil {+Blink Will+ Str+2 Dex+6 Stlth+}

@: studying Throwing
A: iridescent scales 2, clumsy 1, poison resistance
}: 2/15 runes: decaying, gossamer
a: Renounce Religion, Evoke Blink, Heroism, Finesse, Duel


You were on level 2 of the Elven Halls.
You worshipped Okawaru.
Okawaru was exalted by your worship.
You visited 7 branches of the dungeon, and saw 33 of its levels.
You also visited: Gauntlet and Volcano.

You collected 4852 gold pieces.
You spent 1740 gold pieces at shops.

Inventory:

Hand Weapons
 a - a +6 hand crossbow of freezing (weapon)
 b - the +3 hand crossbow of Ornamental Courage {penet, Stlth+}
   (Okawaru gifted it to you on level 12 of the Dungeon)

   Stlth:     It makes you more stealthy.
Missiles
 d - a throwing net
 o - 6 curare-tipped darts
Armour
 h - the +0 pair of boots of the Falcon (worn) {rElec rC+ rN+}
   (Okawaru gifted it to you on level 10 of the Dungeon)

   rC:        It protects you from cold.
   rElec:     It insulates you from electricity.
   rN:        It protects you from negative energy.
 j - a +2 leather armour of willpower (worn)
 s - a scarf of resistance (worn)
 G - a +0 kite shield of protection (worn)
 H - a +2 helmet (worn)
 S - the +2 pair of gloves "Nepupo" (worn) {Int+2 Slay+2}
   (Okawaru gifted it to you on level 4 of the Spider Nest)

   Int:       It affects your intelligence (+2).
   Slay:      It affects your accuracy & damage with ranged weapons and melee
   (+2).
Jewellery
 q - the ring "Lickur" {Fly Str+2}
   (You found it in a Gauntlet)

   [ring of flight]

   Str:       It affects your strength (+2).
   Fly:       It grants you flight.
 r - the ring of Sedil (right hand) {+Blink Will+ Str+2 Dex+6 Stlth+}
   (You took it off an orc sorcerer on level 13 of the Dungeon)

   [ring of dexterity]

   Str:       It affects your strength (+2).
   Dex:       It affects your dexterity (+6).
   +Blink:    It lets you blink.
   Will:      It increases your willpower.
   Stlth:     It makes you more stealthy.
 D - a ring of see invisible
 E - a +4 ring of slaying (left hand)
 M - an amulet of faith (around neck)
 U - the ring of the Empty Page {rC+ rCorr}
   (You found it on level 13 of the Dungeon)

   [ring of protection from cold]

   rC:        It protects you from cold.
   rCorr:     It protects you from acid and corrosion.
Wands
 l - a wand of polymorph (11)
 y - a wand of quicksilver (6)
 J - a wand of mindburst (32)
 K - a wand of roots (15)
 N - a wand of flame (75)
 P - a wand of digging (11)
Scrolls
 e - 12 scrolls of immolation
 f - 16 scrolls of teleportation
 k - 2 scrolls of enchant armour
 m - 11 scrolls of fog
 n - 7 scrolls of magic mapping
 p - 10 scrolls of poison
 x - 5 scrolls of blinking
 F - 3 scrolls of fear
 T - a scroll of amnesia
 V - a scroll of silence
 Y - 2 scrolls of brand weapon
Potions
 g - 4 potions of cancellation
 i - 5 potions of haste
 u - 14 potions of mutation
 v - 3 potions of flight
 w - 6 potions of brilliance
 z - 7 potions of lignification
 A - 5 potions of resistance
 B - 4 potions of berserk rage
 C - 5 potions of might
 I - 12 potions of curing
 L - 7 potions of ambrosia
 Q - 4 potions of magic
 R - 3 potions of heal wounds
Miscellaneous
 t - a tin of tremorstones (2/2)
 O - a lightning rod (2/4)
 W - a condenser vane


   Skills:
 * Level 11.5 Fighting
 * Level 22.4 Ranged Weapons
 - Level 7.0 Armour
 + Level 15.3 Dodging
 - Level 10.0 Stealth
 - Level 10.0 Shields
 + Level 7.2 Spellcasting
 - Level 6.0 Hexes
 + Level 8.2 Necromancy
 - Level 6.0 Translocations
 + Level 7.4 Earth Magic
 - Level 13.0 Invocations
 - Level 6.0 Evocations


You had 23 spell levels left.
You knew the following spells:

 Your Spells              Type           Power      Damage    Failure   Level
a - Portal Projectile     Hex/Tloc       64%        N/A       6%          3
b - Borgnjor's Vile Clut  Necr/Erth      20%        N/A       28%         5

Your spell library contained the following spells:

 Spells                   Type           Power      Damage    Failure   Level
 Sandblast                Erth           78%        2d17      1%          1
 Sublimation of Blood     Necr           42%        N/A       1%          2
 Apportation              Tloc           64%        N/A       2%          1
 Slow                     Hex            100%       N/A       2%          1
 Vampiric Draining        Necr           42%        2d9       2%          3
 Blink                    Tloc           64%        N/A       3%          2
 Lesser Beckoning         Tloc           64%        N/A       3%          2
 Confusing Touch          Hex            32%        N/A       6%          3
 Passwall                 Tmut/Erth      19%        N/A       9%          2
 Momentum Strike          Conj/Tloc      40%        3d9       11%         2
 Anguish                  Hex/Necr       18%        N/A       13%         4
 Stone Arrow              Conj/Erth      46%        3d9       16%         3
 Leda's Liquefaction      Hex/Erth       17%        N/A       16%         4
 Dazzling Flash           Conj/Hex       40%        N/A       22%         3
 Inner Flame              Hex/Fire       20%        N/A       22%         3
 Freeze                   Ice            28%        1d5       26%         1
 Kindle Blastsparks       Fire/Tloc/Air  32%        2d12      32%         3
 Wereblood                Tmut           7%         N/A       36%         2
 Frozen Ramparts          Ice            14%        1d3       58%         3
 Hailstorm                Conj/Ice       7%         3d4       58%         3
 Iskenderun's Mystic Bla  Conj/Tloc      20%        2d6       58%         4
 Airstrike                Air            3%         2d(1-17)  94%         4
 Flame Wave               Conj/Fire      7%         2d5       94%         4
 Ice Form                 Ice/Tmut       7%         N/A       94%         4
 Sticky Flame             Conj/Fire      7%         2d3       94%         4
 Alistair's Intoxication  Tmut/Pois      4%         N/A       100%        5
 Lightning Bolt           Conj/Air       3%         1d15      100%        5
 Eringya's Noxious Bog    Tmut/Pois      3%         N/A       100%        6
 Starburst                Conj/Fire      3%         6d3       100%        6
 Enfeeble                 Hex            16%        N/A       100%        7
 Orb of Destruction       Conj           3%         9d5       100%        7
 Summon Guardian Golem    Hex/Summ       Unusable   N/A       N/A         3
 Call Canine Familiar     Summ           Unusable   N/A       N/A         3
 Summon Lightning Spire   Summ/Air       Unusable   N/A       N/A         4
 Simulacrum               Ice/Necr       Unusable   N/A       N/A         6
 Monstrous Menagerie      Summ           Unusable   N/A       N/A         7
 Spellforged Servitor     Conj/Summ      Unusable   N/A       N/A         7
 Summon Hydra             Summ           Unusable   N/A       N/A         7
 Dragon's Call            Summ           Unusable   N/A       N/A         9

Dungeon Overview and Level Annotations

Branches:
Dungeon (15/15)            Temple (1/1) D:6            Lair (5/5) D:11
  Swamp (4/4) Lair:2       Spider (4/4) Lair:3        Slime (0/5) Lair:5
    Orc (2/2) D:12            Elf (2/3) Orc:2        Vaults (0/5) D:14
 Depths (0/4) D:15        Volcano (visited)         Gauntlet (visited)

Altars:
Ashenzari
Cheibriados
Dithmenos
Elyvilon
Fedhas
Gozag
Hepliaklqana
Kikubaaqudgha
Makhleb
Nemelex Xobeh
Okawaru
Qazlal
Ru
Sif Muna
Trog
Uskayaw
Vehumet
Wu Jian
Xom
Yredelemnul
Zin
The Shining One
Jiyva
Lugonu

Shops:
D:7 (   Orc:1 :   Orc:2 :*([   Elf:2 (

Portals:
Abyss: Lair:5

Annotations:
D:2 1 runed translucent door, Crazy Yiuf
D:8 3 runed translucent doors, acebull12's ghost, novice FoFi; bmack86's ghost, journeyman MiFi; drugrobin's ghost, novice DgDe; soul19's ghost, novice TrFi
Lair:2 exclusion: door
Orc:1 2 transporters, Dittersdorf's ghost, journeyman GrFi
Elf:1 2 transporters, Novon's ghost, adept DsGl
Elf:2 3 runed translucent doors, Zenata


Innate Abilities, Weirdness & Mutations

You are mostly covered in iridescent scales. (AC +4)
You are clumsy. (Dex -2)
Your system is resistant to poisons. (rPois)


Message History

The +1 dire flail of protection hits you!
Zenata hits you with a +4 triple sword!
The +1 dire flail of protection misses you.
Press: ? - help, v - describe, . - travel The floor.
Zenata attacks as you move away! Zenata misses you.
The +1 dire flail of protection completely misses you.
The +0 dire flail of protection attacks as you move away!
You block the +0 dire flail of protection's attack.
The +1 dire flail of protection attacks as you move away!
You block the +1 dire flail of protection's attack.
Zenata attacks as you move away! You block Zenata's attack.
The +1 dire flail of protection hits you!
The +1 dire flail of protection hits you.
The +1 dire flail of protection attacks as you move away!
You block the +1 dire flail of protection's attack.
The +1 dire flail of protection completely misses you.
Aiming: Thunderbolt
Press: ? - help, Shift-Dir - straight line, f - +1 dire flail of protection
Aim: a +1 dire flail of protection (summoned, fast)
The thunderbolt hits the +1 dire flail of protection.
The +1 dire flail of protection completely resists.
The thunderbolt hits the +0 dire flail of protection.
The +0 dire flail of protection completely resists.
The thunderbolt hits Zenata!
Zenata is severely wounded.
The +1 dire flail of protection hits you!
The +1 dire flail of protection hits you!!
* * * LOW HITPOINT WARNING * * *
The +1 dire flail of protection hits you but does no damage.
The +1 dire flail of protection hits you!
* * * LOW HITPOINT WARNING * * *
There is a stone staircase leading up, spattered with blood here.
You feel better.
You block the +1 dire flail of protection's attack.
The +1 dire flail of protection hits you!
* * * LOW HITPOINT WARNING * * *
Zenata casts a spell at you.
A blast of power from the earth and the +1 dire flail of protection strikes you!
You die...

#.#
##....###.........#
#.# #..#.# ##.......##
#.####.##.# ##.....##
#.........# ##...##
######.#### ##'## #.#
#.# #.# ########.# #.#
#.....[..##
#####@###.........##
#.....((a..........#
#.###.###.........####
#.# #.###.............
#.# #.............####
#.# #####).[....###
#.#######.#######
#.........#
###########


You could see Zenata and 2 dancing weapons.

Vanquished Creatures
  Arachne (Spider:2)
  Frances (Arena)
  Agnes (Spider:4)
  An azure jelly (shapeshifter) (D:10)
  Donald (Swamp:4)
  A deep elf sorcerer (Elf:2)
  9 emperor scorpions
  Louise (Spider:4)
  4 ghost moths
  2 stone giants
  An orc warlord (Orc:2)
  4 broodmothers
  A deep elf demonologist (Elf:2)
  A minotaur (Gauntlet)
  6 eleionomae
  5 bunyips
  3 spark wasps
  A fire dragon (D:10)
  Snorg (D:11)
  A shambling mangrove (Swamp:4)
  3 entropy weavers
  Erolcha (D:13)
  17 hydras
  A jorogumo (Spider:2)
  6 boulder beetles
  5 radroaches
  8 centaur warriors
  3 ogre magi (D:13)
  3 ghost crabs
  An ice dragon (D:13)
  3 two-headed ogres (D:9)
  2 catoblepae
  4 alligators
  17 dancing weapons
  3 tengu warriors
  3 thrashing horrors (Lair:5)
  2 orc high priests (Orc:2)
  7 death yaks (Lair:4)
  Urug (D:11)
  A soul eater (D:11)
  9 deep elf knights
  6 skeletal warriors
  3 pharaoh ants
  A death drake (shapeshifter) (D:13)
  A fire crab (shapeshifter) (Elf:1)
  2 goliath frogs
  5 spriggan druids
  A flayed ghost (D:15)
  6 steelbarb worms
  9 orb spiders
  4 bog bodies
  12 swamp dragons
  6 deep elf archers
  A wizard (D:15)
  A lindwurm (shapeshifter) (Elf:2)
  A necromancer (D:15)
  16 wolf spiders
  4 orc knights (Orc:2)
  18 deep elf pyromancers
  2 large abominations (Lair:5)
  2 oklob plants (D:11)
  14 deep elf zephyrmancers
  2 orc sorcerers
  17 ugly things
  A will-o-the-wisp (Swamp:1)
  5 cyclopes
  8 manticores
  2 frost giant skeletons (D:15)
  3 moths of wrath
  4 black mambas
  12 slime creatures
  15 elephants
  Joseph (D:7)
  4 torpor snails
  9 demonic crawlers
  A rust devil (D:11)
  A smoke demon (Lair:5)
  An orange demon (D:11)
  A spriggan zombie (D:15)
  2 cane toads (shapeshifter)
  2 gargoyles
  An unseen horror (D:10)
  3 kobold demonologists
  8 cane toads
  5 yaktaurs
  An ice devil (D:11)
  An efreet (Volcano)
  A freezing wraith (D:12)
  3 rime drakes
  2 ancient zymes (Lair:5)
  7 komodo dragons
  7 trolls
  3 bloated husks
  7 hornets
  7 meliai
  A polar bear (shapeshifter) (Lair:5)
  A queen bee (shapeshifter) (D:15)
  5 polar bears
  11 tyrant leeches
  21 tarantellas
  An ettin zombie (D:15)
  23 blink frogs
  17 culicivoras
  4 air elementals
  31 jumping spiders
  3 wraiths
  2 centaur simulacra (D:13)
  5 water elementals
  3 spriggans
  3 shadows
  A wyvern (D:7)
  12 yaks
  5 fire elementals
  A human (D:11)
  9 basilisks
  2 chaos spawn (Lair:5)
  34 redbacks
  3 vampire mosquitoes (Swamp:1)
  A redback simulacrum (D:14)
  3 steam dragons
  5 wargs
  16 swamp worms
  An acid dragon (D:6)
  17 water moccasins
  A sky beast (D:6)
  14 swamp drakes
  30 orc warriors
  3 ice beasts
  3 black bears
  6 wolves (Lair:2)
  4 ogres
  13 centaurs
  6 kobold brigands
  15 bullfrogs
  3 gnoll sergeants
  2 necrophages
  A bullfrog (shapeshifter) (Lair:5)
  3 earth elementals
  4 scorpions
  4 wights (D:7)
  11 killer bees
  8 electric eels
  2 howler monkeys
  2 quasits (D:11)
  3 hounds
  A jelly (D:6)
  20 orc priests
  9 small abominations (Lair:5)
  18 orc wizards
  4 iguanas
  5 gnolls (D:8)
  An adder (D:4)
  A shadow imp (D:5)
  2 white imps
  An ufetubus (D:4)
  3 dart slugs
  67 orcs
  7 bats
  8 endoplasms
  3 giant cockroaches
  10 goblins
  6 hobgoblins
  9 jackals
  5 quokkas
  9 ball pythons
  3 frilled lizards (D:1)
  30 kobolds
  5 rats
1014 creatures vanquished.

Vanquished Creatures (others)
  2 deep elf knights
  A deep elf zephyrmancer (Elf:2)
  A bloated husk (Swamp:3)
  A hornet (Swamp:4)
  A spriggan (Swamp:4)
  A human (D:5)
  A white imp (D:7)
  7 demonic plants (D:11)
  6 foxfires (Swamp:1)
  35 fungi
  56 plants
  8 withered plants (D:15)
120 creatures vanquished.

Grand Total: 1134 creatures vanquished

Notes
Turn   | Place    | Note
-------+----------+-------------------------------------------
     0 | D:1      | Mitcholas the Deep Elf Hunter began the quest for the Orb.
     0 | D:1      | Reached XP level 1. HP: 12/12 MP: 3/3
   135 | D:1      | Reached XP level 2. HP: 17/17 MP: 4/4
   378 | D:1      | Reached XP level 3. HP: 21/21 MP: 5/5
   622 | D:1      | Found a faded altar of an unknown god.
   755 | D:2      | Noticed an ogre
  1148 | D:2      | Reached skill level 6 in Ranged Weapons
  1266 | D:2      | Found a runed translucent door.
  1267 | D:2      | Noticed Crazy Yiuf
  1718 | D:3      | Reached XP level 4. HP: 11/26 MP: 6/6
  2750 | D:4      | Noticed a necrophage
  2757 | D:4      | Killed a necrophage
  2758 | D:4      | Reached XP level 5. HP: 31/31 MP: 7/7
  2777 | D:4      | Reached skill level 7 in Ranged Weapons
  3160 | D:2      | Killed an ogre
  3161 | D:2      | Reached XP level 6. HP: 36/36 MP: 8/8
  3284 | D:5      | Entered Level 5 of the Dungeon
  3396 | D:5      | You fall into a shaft and drop 2 floors!
  3438 | D:7      | Noticed Joseph
  3561 | D:6      | Noticed an ice beast
  3579 | D:6      | Noticed a steam dragon
  3595 | D:6      | Found a staircase to the Ecumenical Temple.
  3602 | Temple   | Entered the Ecumenical Temple
  3823 | Temple   | Became a worshipper of Warmaster Okawaru
  3846 | D:6      | Found a snail-covered altar of Cheibriados.
  4050 | D:5      | Reached skill level 8 in Ranged Weapons
  4089 | D:5      | Reached XP level 7. HP: 41/41 MP: 9/9
  4125 | D:5      | Found a shimmering altar of Xom.
  4310 | D:5      | Reached skill level 1 in Invocations
  4425 | D:5      | Reached * piety under Okawaru
  4693 | D:5      | Found a stormy altar of Qazlal.
  4728 | D:5      | Found an ancient bone altar of Kikubaaqudgha.
  4731 | D:5      | Noticed a human
  4733 | D:5      | Killed a human
  4979 | D:6      | Noticed a steam dragon
  4988 | D:6      | Killed a steam dragon
  4989 | D:6      | Reached skill level 5 in Dodging
  4992 | D:6      | Reached skill level 5 in Stealth
  5004 | D:6      | Reached skill level 9 in Ranged Weapons
  5069 | D:6      | Reached XP level 8. HP: 48/48 MP: 11/11
  5186 | D:6      | Reached ** piety under Okawaru
  5228 | D:6      | Found a sparkling altar of Nemelex Xobeh.
  5274 | D:6      | Reached skill level 10 in Ranged Weapons
  5572 | D:6      | HP: 1/48 [acid dragon/splash of acid (13)]
  6125 | D:7      | Killed Joseph
  6125 | D:7      | Reached *** piety under Okawaru
  6126 | D:7      | Reached skill level 11 in Ranged Weapons
  6126 | D:7      | Reached XP level 9. HP: 17/52 MP: 3/14
  6447 | D:7      | Found a white marble altar of Elyvilon.
  6511 | D:7      | Found Mugyaj's Weapon Shoppe.
  6538 | D:7      | Found an opulent altar of Gozag.
  6675 | D:7      | Reached skill level 5 in Fighting
  7097 | D:8      | Learned a level 3 spell: Portal Projectile
  7117 | D:8      | Found a burning altar of Makhleb.
  7248 | D:8      | Reached **** piety under Okawaru
  7249 | D:8      | Reached skill level 12 in Ranged Weapons
  7249 | D:8      | Reached skill level 5 in Invocations
  7271 | D:8      | Reached skill level 1 in Evocations
  7274 | D:8      | Found a sparkling altar of Nemelex Xobeh.
  7308 | D:8      | Reached skill level 1 in Armour
  7364 | D:8      | Received a gift from Okawaru
  7435 | D:8      | Gained mutation: You are dopey. (Int -2) [potion of
                  | mutation]
  7435 | D:8      | Gained mutation: You are agile. (Dex +4, Str/Int -1)
                  | [potion of mutation]
  7435 | D:8      | Gained mutation: Your system is resistant to poisons.
                  | (rPois) [potion of mutation]
  7435 | D:8      | Gained mutation: Your spells are a little harder to cast,
                  | but a little more powerful. [potion of mutation]
  7636 | D:7      | Upgraded the game from 0.30-a0-639-g3916f1956a to
                  | 0.30-a0-652-gcc886f7154
  7895 | D:8      | Found a runed translucent gate.
  7895 | D:8      | Found a runed translucent gate.
  7896 | D:8      | Found a runed translucent gate.
  7896 | D:8      | Noticed soul19's ghost (novice TrFi)
  7898 | D:8      | Noticed drugrobin's ghost (novice DgDe)
  7899 | D:8      | Noticed acebull12's ghost (novice FoFi)
  7899 | D:8      | Noticed bmack86's ghost (journeyman MiFi)
  8305 | D:9      | Reached XP level 10. HP: 59/59 MP: 16/16
  8344 | D:9      | Reached ***** piety under Okawaru
  8444 | D:9      | Noticed a centaur warrior
  8451 | D:9      | Noticed a two-headed ogre
  8459 | D:9      | Killed a centaur warrior
  8497 | D:8      | Reached skill level 13 in Ranged Weapons
  8675 | D:9      | Killed a two-headed ogre
  8675 | D:9      | Received a gift from Okawaru
  8736 | D:9      | Noticed a manticore
  8742 | D:9      | Killed a manticore
  8742 | D:9      | Received a gift from Okawaru
  8759 | D:9      | Identified a scroll of acquirement
  8760 | D:9      | Acquired the ring "Ojofoten" {rPois rC+ rN+ Dex+4}
  8765 | D:9      | Lost mutation: You are dopey. (Int -2) [potion of mutation]
  8765 | D:9      | Lost mutation: You are agile. (Dex +4, Str/Int -1) [potion
                  | of mutation]
  8765 | D:9      | Gained mutation: You are clumsy. (Dex -2) [potion of
                  | mutation]
  8765 | D:9      | Gained mutation: You are dopey. (Int -2) [potion of
                  | mutation]
  8765 | D:9      | Gained mutation: You are somewhat resistant to further
                  | mutation. [potion of mutation]
  8766 | D:9      | Lost mutation: You are somewhat resistant to further
                  | mutation. [potion of mutation]
  8766 | D:9      | Lost mutation: You are dopey. (Int -2) [potion of mutation]
  8766 | D:9      | Gained mutation: You are very clumsy. (Dex -4) [potion of
                  | mutation]
  8766 | D:9      | Gained mutation: Your body sometimes deteriorates upon
                  | taking damage. [potion of mutation]
  8766 | D:9      | Lost mutation: You are very clumsy. (Dex -4) [potion of
                  | mutation]
  8767 | D:9      | Lost mutation: Your spells are a little harder to cast, but
                  | a little more powerful. [potion of mutation]
  8767 | D:9      | Lost mutation: You are clumsy. (Dex -2) [potion of
                  | mutation]
  8767 | D:9      | Lost mutation: Your body sometimes deteriorates upon taking
                  | damage. [potion of mutation]
  8767 | D:9      | Gained mutation: You are partially covered in iridescent
                  | scales. (AC +2) [potion of mutation]
  8767 | D:9      | Gained mutation: You are mostly covered in iridescent
                  | scales. (AC +4) [potion of mutation]
  8781 | D:9      | Noticed a two-headed ogre
  8790 | D:9      | Killed a two-headed ogre
  8853 | D:9      | Noticed a centaur warrior
  8872 | D:9      | Killed a centaur warrior
  8872 | D:9      | Noticed a tengu warrior
  9180 | D:9      | Killed a tengu warrior
  9181 | D:9      | Reached skill level 14 in Ranged Weapons
  9181 | D:9      | Reached XP level 11. HP: 23/64 MP: 16/18
  9375 | D:9      | Found a shimmering blue altar of Sif Muna.
  9461 | D:9      | Noticed a two-headed ogre
  9477 | D:9      | Killed a two-headed ogre
  9775 | D:9      | Noticed a catoblepas
  9846 | D:9      | Killed a catoblepas
  9846 | D:9      | Reached ****** piety under Okawaru
  9846 | D:9      | Received a gift from Okawaru
  9932 | D:10     | Entered Level 10 of the Dungeon
  9968 | D:10     | Reached skill level 5 in Evocations
 10143 | D:10     | Noticed a centaur warrior
 10156 | D:10     | Killed a centaur warrior
 10335 | D:10     | Identified the ring "Ydghom Sinaj" {Drain rPois rN+++ MP+9
                  | Str-4}
 10335 | D:10     | Noticed a deep elf archer
 10340 | D:10     | Killed a deep elf archer
 10419 | D:10     | Noticed a green ugly thing
 10426 | D:10     | Noticed a white ugly thing
 10451 | D:10     | Killed a green ugly thing
 10452 | D:10     | Reached skill level 15 in Ranged Weapons
 10458 | D:10     | Killed a white ugly thing
 11004 | D:10     | Noticed a stone giant
 11024 | D:10     | Killed a stone giant
 11024 | D:10     | Identified the +0 pair of boots of the Falcon {rElec rC+
                  | rN+} (Okawaru gifted it to you on level 10 of the Dungeon)
 11024 | D:10     | Received a gift from Okawaru
 11239 | D:10     | Noticed a fire dragon
 11405 | D:10     | Noticed an azure jelly
 11417 | D:10     | Killed an azure jelly
 11533 | D:10     | Noticed a boulder beetle
 11557 | D:10     | Killed a boulder beetle
 11558 | D:10     | Reached skill level 10 in Dodging
 11558 | D:10     | Reached XP level 12. HP: 32/72 MP: 20/20
 11793 | D:10     | Killed a fire dragon
 12139 | D:10     | Noticed a centaur warrior
 12178 | D:10     | Killed a centaur warrior
 12179 | D:10     | Reached skill level 16 in Ranged Weapons
 12578 | D:11     | Got the Exposition on the Translocational Mob
 12680 | D:11     | Noticed Snorg
 12692 | D:11     | Noticed Urug
 12882 | D:11     | Killed Snorg
 13571 | D:11     | HP: 3/68 [constriction (1)]
 13646 | D:11     | Killed Urug
 13646 | D:11     | Received a gift from Okawaru
 13647 | D:11     | Reached skill level 5 in Armour
 13787 | D:11     | Found a staircase to the Lair.
 14003 | D:12     | Received a gift from Okawaru
 14219 | D:12     | Found a staircase to the Orcish Mines.
 14869 | Lair:1   | Entered Level 1 of the Lair of Beasts
 14970 | Lair:1   | Reached XP level 13. HP: 78/78 MP: 22/22
 16065 | Lair:2   | Reached skill level 1 in Hexes
 16072 | Lair:2   | Reached skill level 1 in Spellcasting
 16172 | Lair:2   | Found a staircase to the Swamp.
 16175 | Lair:2   | Received a gift from Okawaru
 16176 | Lair:2   | Reached skill level 1 in Translocations
 17237 | Lair:2   | Reached skill level 10 in Invocations
 17599 | Lair:3   | Reached skill level 1 in Shields
 17748 | Lair:3   | Found a hole to the Spider Nest.
 17832 | Lair:3   | Found a dark tunnel.
 17924 | Volcano  | Entered a volcano
 18010 | Volcano  | Noticed a stone giant
 18014 | Volcano  | Killed a stone giant
 18015 | Volcano  | Reached skill level 17 in Ranged Weapons
 18910 | Lair:4   | Identified the +12 shortbow of Lomealit {heavy, rN+ Stlth+}
                  | (Okawaru gifted it to you on level 4 of the Lair of Beasts)
 18910 | Lair:4   | Received a gift from Okawaru
 19451 | Lair:4   | Acquired 750 gold pieces
 19453 | Lair:4   | Acquired a +0 triple crossbow of freezing
 19457 | Lair:4   | Acquired 676 gold pieces
 19710 | Lair:4   | Received a gift from Okawaru
 20340 | Lair:4   | Reached XP level 14. HP: 80/84 MP: 24/24
 20413 | Lair:5   | Entered Level 5 of the Lair of Beasts
 20415 | Lair:5   | Identified the +1 pair of boots "Toisaz" {rCorr Int+3}
                  | (Okawaru gifted it to you on level 5 of the Lair of Beasts)
 20415 | Lair:5   | Received a gift from Okawaru
 20824 | Lair:5   | Found a staircase to the Slime Pits.
 20824 | Lair:5   | Found a viscous altar of Jiyva.
 21139 | Lair:5   | Reached skill level 18 in Ranged Weapons
 21375 | Lair:5   | Reached skill level 5 in Spellcasting
 21551 | Lair:5   | Identified the +2 kite shield of the Ward {rC+ Dex+2}
                  | (Okawaru gifted it to you on level 5 of the Lair of Beasts)
 21551 | Lair:5   | Received a gift from Okawaru
 21570 | Lair:5   | Found a corrupted altar of Lugonu.
 21570 | Lair:5   | Found a one-way gate to the infinite horrors of the Abyss.
 21831 | D:13     | Noticed Erolcha
 21834 | D:13     | Killed Erolcha
 21883 | D:13     | Found a gate leading to a gauntlet.
 21909 | Gauntlet | Entered a Gauntlet
 21909 | Gauntlet | Found a transporter.
 21909 | Gauntlet | Found a transporter.
 21909 | Gauntlet | Found a transporter.
 21913 | Gauntlet | Found a transporter.
 21923 | Gauntlet | Found a transporter.
 21944 | Gauntlet | Found a transporter.
 21950 | Gauntlet | Found a transporter.
 21972 | Gauntlet | Found a transporter.
 22009 | Gauntlet | Found a transporter.
 22019 | Gauntlet | Found a transporter.
 22034 | Gauntlet | Found a transporter.
 22044 | Gauntlet | Found a transporter.
 22118 | Gauntlet | Identified the +2 hat of the Trilobite {rPois Int+9}
 22206 | Gauntlet | Identified the ring "Lickur" {Fly Str+2}
 22582 | D:13     | Reached skill level 5 in Hexes
 22595 | D:13     | Identified the ring of Sedil {+Blink Will+ Str+2 Dex+6
                  | Stlth+}
 22597 | D:13     | Reached skill level 5 in Shields
 22851 | D:12     | Identified the +3 hand crossbow of Ornamental Courage
                  | {penet, Stlth+} (Okawaru gifted it to you on level 12 of
                  | the Dungeon)
 22851 | D:12     | Received a gift from Okawaru
 22852 | D:12     | Reached skill level 5 in Translocations
 22852 | D:12     | Reached XP level 15. HP: 89/90 MP: 26/26
 23337 | D:13     | Found the +0 staff of Battle
 23357 | D:13     | Identified the +7 spear "Pendulum" {freeze, rC+}
 23366 | D:13     | Identified the ring of the Empty Page {rC+ rCorr}
 23705 | D:14     | Found a snail-covered altar of Cheibriados.
 24175 | D:14     | Received a gift from Okawaru
 24287 | D:14     | Found a gate to the Vaults.
 24368 | D:14     | Reached skill level 19 in Ranged Weapons
 24690 | D:15     | Entered Level 15 of the Dungeon
 25321 | D:15     | HP: 2/91 [skeletal warrior/+0 trident (21)]
 25615 | D:15     | Found a staircase to the Depths.
 25625 | D:15     | Received a gift from Okawaru
 26321 | D:12     | Learned a level 5 spell: Borgnjor's Vile Clutch
 26322 | Orc:1    | Entered Level 1 of the Orcish Mines
 26653 | Orc:1    | Noticed Dittersdorf's ghost (journeyman GrFi)
 26655 | Orc:1    | Found a transporter.
 26658 | Orc:1    | Identified the +5 great mace of Slow Death {freeze, +Blink}
 26667 | Orc:1    | Found a transporter.
 26782 | Orc:1    | Found Cunimn's Book Emporium.
 26858 | Orc:2    | Entered Level 2 of the Orcish Mines
 27032 | Orc:2    | Reached skill level 1 in Necromancy
 27080 | Orc:2    | Found Rakoak's General Store.
 27121 | Orc:2    | Found Naumn's Antique Weapon Shoppe.
 27125 | Orc:2    | Found a staircase to the Elven Halls.
 27159 | Orc:2    | Reached skill level 1 in Earth Magic
 27165 | Orc:2    | Found Taodgh's Book Boutique.
 27437 | Orc:2    | Found Ysixiamp's Antique Armour Emporium.
 27616 | Orc:2    | Bought an embroidered cloak for 180 gold pieces
 27617 | Orc:2    | Bought distressingly furry ice dragon scales for 1560 gold
                  | pieces
 27617 | Orc:2    | Identified the +6 ice dragon scales "Budynloi" {rF- rC++
                  | Stlth+} (You bought it in a shop on level 2 of the Orcish
                  | Mines)
 27743 | Swamp:1  | Entered Level 1 of the Swamp
 28080 | Swamp:1  | Identified the +5 spear of Mourning {protect, Str+3 Int+5}
 28085 | Swamp:1  | Reached XP level 16. HP: 97/97 MP: 27/27
 28679 | Swamp:1  | Identified the +2 scale mail "Jadoawn" {rElec Stlth+}
                  | (Okawaru gifted it to you on level 1 of the Swamp)
 28679 | Swamp:1  | Received a gift from Okawaru
 29977 | Swamp:4  | Entered Level 4 of the Swamp
 29990 | Swamp:3  | Reached skill level 10 in Fighting
 30138 | Swamp:4  | Reached skill level 20 in Ranged Weapons
 30695 | Swamp:4  | Received a gift from Okawaru
 31266 | Swamp:4  | Got a decaying rune of Zot
 31308 | Swamp:4  | Noticed Donald
 31319 | Swamp:4  | Killed Donald
 31814 | Spider:1 | Entered Level 1 of the Spider Nest
 32273 | Spider:1 | Noticed Frances
 32284 | Arena    | Entered the Arena
 32290 | Arena    | Killed Frances
 32621 | Spider:1 | Reached skill level 5 in Necromancy
 32624 | Spider:1 | Identified the +1 robe of the Shining Light {Harm +Blink
                  | rN+ SInv} (Okawaru gifted it to you on level 1 of the
                  | Spider Nest)
 32624 | Spider:1 | Received a gift from Okawaru
 33321 | Spider:2 | Reached XP level 17. HP: 102/102 MP: 28/28
 33543 | Spider:2 | Identified the +3 leather armour of the Sun {Harm rCorr}
 33611 | Spider:2 | Gained mutation: You are clumsy. (Dex -2) [mutagenic glow]
 34387 | Spider:2 | Noticed Arachne
 34398 | Spider:2 | Killed Arachne
 34691 | Spider:2 | You fall into a shaft and drop 1 floor!
 34848 | Spider:2 | Reached skill level 5 in Earth Magic
 35220 | Spider:2 | Reached skill level 21 in Ranged Weapons
 36515 | Spider:4 | Entered Level 4 of the Spider Nest
 36543 | Spider:4 | Identified the +2 pair of gloves "Nepupo" {Int+2 Slay+2}
                  | (Okawaru gifted it to you on level 4 of the Spider Nest)
 36543 | Spider:4 | Received a gift from Okawaru
 36792 | Spider:4 | Reached skill level 10 in Stealth
 36909 | Spider:4 | Noticed Agnes
 36914 | Spider:4 | Killed Agnes
 37152 | Spider:4 | Noticed Louise
 37162 | Spider:4 | Killed Louise
 37687 | Spider:4 | Received a gift from Okawaru
 37708 | Spider:4 | Reached XP level 18. HP: 88/108 MP: 29/29
 38086 | Spider:4 | Got a gossamer rune of Zot
 38339 | Elf:1    | Entered Level 1 of the Elven Halls
 38510 | Elf:1    | Reached skill level 15 in Dodging
 38534 | Elf:1    | Identified the +9 shortbow of Disaster {speed, Int+4}
                  | (Okawaru gifted it to you on level 1 of the Elven Halls)
 38534 | Elf:1    | Received a gift from Okawaru
 38573 | Elf:1    | Reached skill level 22 in Ranged Weapons
 38882 | Elf:1    | Reached skill level 10 in Shields
 39063 | Elf:1    | Found a transporter.
 39072 | Elf:1    | Noticed Novon's ghost (adept DsGl)
 39091 | Elf:1    | Paralysed by an air elemental for 1 turns
 39142 | Elf:1    | Found a transporter.
 39665 | Elf:2    | Found Ifugil's Antique Weapon Shoppe.
 39698 | Elf:2    | Noticed Zenata
 39869 | Elf:2    | Received a gift from Okawaru
 40673 | Elf:2    | Found a runed translucent gate.
 40673 | Elf:2    | Found a runed translucent gate.
 40673 | Elf:2    | Found a runed translucent gate.
 40920 | Elf:2    | Found Ifugil's Antique Weapon Shoppe.
 41419 | Elf:2    | HP: 2/110 [+1 dire flail of protection[Zenata] (17)]
 41420 | Elf:2    | Killed from afar by Zenata

Illustrated notes

Levels and vault maps discovered:
D:1:      kennysheep_arrival_seaside, layout_rooms,
          shapermc_ecumenical_altar_petra, kennysheep_decorative_pillar
D:2:      layout_loops_ring, amethyst_killhole, uniq_crazy_yiuf_cottage
D:3:      layout_loops_cross, chequers_serial_rivers_micro_b,
          minmay_joined_circles
D:4:      layout_rooms
D:5:      layout_cave_pools, overflow_temple_1_default,
          mainiacjoe_overflow_brackets, tgw_kikubaaqudgha,
          serial_park_tiny_pond, serial_bayou_crossing
D:6:      layout_loops_ring, mainiacjoe_overflow_small_starburst,
          minmay_temple_entry_purple_smoke, chequers_serial_rivers_micro_d,
          minmay_ruined_shrine
D:7:      layout_loops_ring, nicolae_gozag_seed_capital,
          nicolae_elyvilon_temple_path, serial_shops, nicolae_shop_waterfront,
          uniq_joseph
D:8:      layout_basic, lemuel_doored_altar,
          mainiacjoe_overflow_surrounded_room, gammafunk_ghost_cemetery
D:9:      layout_roguey, lemuel_blue_sif_altar, minmay_shattered_shrine
D:10:     minmay_sliced_demisemicircle, layout_layer_cave
D:11:     layout_irregular_city, dpeg_oklobed_lair, serial_demonic,
          serial_demonic_g, serial_demonic_b, serial_demonic_f,
          serial_demonic_g, uniq_urug, uniq_snorg
D:12:     layout_big_octagon, erik_orc_4
D:13:     minmay_the_grid_4x2 [minmay_the_grid_minigrid_small,
          minmay_the_grid_dragon_a, minmay_the_grid_slots,
          minmay_the_grid_rooms, minmay_the_grid_minigrid_large,
          minmay_the_grid_holed_spiral, minmay_the_grid_tri_star,
          minmay_the_grid_prize_four_corners_diamond_b], layout_rooms,
          gauntlet_entry_generic, uniq_erolcha
D:14:     layout_basic, erik_vaults_1, minmay_misc_feat_diagonals,
          kennysheep_slug_shrine
D:15:     gammafunk_depths_entry_grave, layout_irregular_city,
          chequers_serial_rivers_micro_e
Temple:   nicolae_temple_figure_eight
Lair:1:   layout_regular_city, wad_woods_river_04,
          eino_small_chamber_without_monster, minivault_23
Lair:2:   layout_long_grid, skrybe_swamp_entry_bodies, minivault_11,
          nicolae_lair_lakeside_cave
Lair:3:   layout_long_grid, hellmonk_spider_entry_life_and_decay,
          nicolae_volcano_entry_two_sided
Lair:4:   layout_cave_pods, infiniplex_staircase_pool_2
Lair:5:   hellmonk_lair_end_abyssal_woods, layout_big_grid, slime_entry_1,
          infiniplex_staircase_pool
Swamp:1:  nicolae_swamp_ascending_descending, layout_falls_marsh,
          evilmike_swamp_ruin_house_1, nicolae_swamp_dense_foliage
Swamp:2:  layout_basic_swamp, evilmike_swamp_ruin_house_3, swamp_pool5
Swamp:3:  layout_falls_marsh, nicolae_swamp_treefoil
Swamp:4:  swamp, layout_basic_swamp, uniq_donald
Spider:1: layout_spider_delve, uniq_frances
Spider:2: nicolae_spider_hilbert_zone_1 [nicolae_spider_hilbert_4_sides_1_open,
          nicolae_spider_hilbert_4_sides_1_open,
          nicolae_spider_hilbert_4_sides_1_open,
          nicolae_spider_hilbert_4_sides_1_open,
          nicolae_spider_hilbert_3_sides_1_open,
          nicolae_spider_hilbert_3_sides_1_open,
          nicolae_spider_hilbert_3_sides_1_open,
          nicolae_spider_hilbert_3_sides_1_open,
          nicolae_spider_hilbert_3_sides_1_open,
          nicolae_spider_hilbert_6_sides_1_open,
          nicolae_spider_hilbert_6_sides_1_open,
          nicolae_spider_hilbert_3_sides_1_open,
          nicolae_spider_hilbert_3_sides_1_open,
          nicolae_spider_hilbert_3_sides_1_open,
          nicolae_spider_hilbert_3_sides_1_open,
          nicolae_spider_hilbert_2_sides_1_open], uniq_arachne
Spider:3: layout_spider_delve, nicolae_spider_cling_halls
Spider:4: grunt_spider_rune_circles, guppyfry_hornet_nest, uniq_louise,
          uniq_agnes
Orc:1:    layout_caves, gammafunk_ghost_smash, basic_altar, serial_shops,
          nicolae_shop_window_shopping
Orc:2:    grunt_orc_gardens, layout_diamond_mine, grunt_orc_garden,
          grunt_orc_garden, grunt_orc_garden, grunt_orc_garden
Elf:1:    minmay_elf_arrival_circle, layout_geoelf_diagonals,
          gammafunk_ghost_arena, hangedman_elven_crosses_minicolossus
Elf:2:    elven_hall_of_blades_hangedman_original [nooodl_blade_entry_preview],
          layout_loops_corners, serial_shops, shop, uniq_zenata, uniq_saint_roka

Skill      XL: |  1  2  3  4  5  6  7  8  9 10 11 12 13 14 15 16 17 18 |
---------------+-------------------------------------------------------+-----
Stealth        | 2 3 4 5 7 8 10 | 10.0
Fighting       | 2 3 4 5 6 7 8 9 10 11 | 11.5
Ranged Weapons | 6 7 8 9 11 12 14 15 16 17 18 19 20 21 22 | 22.4
Dodging        | 3 4 5 6 7 8 10 11 12 13 14 15 | 15.3
Invocations    | 2 4 5 6 8 9 10 12 13 | 13.0
Evocations     | 2 4 6 |  6.0
Armour         | 1 3 4 5 6 7 |  7.0
Hexes          | 4 5 6 |  6.0
Spellcasting   | 3 6 7 |  7.2
Translocations | 3 5 6 |  6.0
Shields        | 3 5 6 8 9 10 | 10.0
Necromancy     | 2 5 7 8 |  8.2
Earth Magic    | 1 4 6 7 |  7.4

Action                   |  1- 3 |  4- 6 |  7- 9 | 10-12 | 13-15 | 16-18 || total
-------------------------+-------+-------+-------+-------+-------+-------++-------
 Fire: Shortbow          |   136 |   136 |   154 |       |       |       ||   426
       Sling             |       |       |   168 |   395 |       |       ||   563
       Longbow           |       |       |       |   243 |       |       ||   243
       Arbalest          |       |       |       |    19 |    64 |       ||    83
       Hand crossbow     |       |       |       |       |  1065 |  1172 ||  2237
Throw: Dart              |       |       |    15 |    24 |       |       ||    39
       Throwing net      |       |       |     2 |       |       |       ||     2
 Cast: Portal Projectile |       |       |       |       |       |     1 ||     1
Invok: Heroism           |       |       |       |     1 |     2 |     2 ||     5
       Finesse           |       |       |       |     1 |     1 |     3 ||     5
       Duel              |       |       |       |       |       |     1 ||     1
Evoke: Wand              |       |       |       |    19 |     6 |    23 ||    48
       Lightning rod     |       |       |       |     3 |     4 |     6 ||    13
       Condenser vane    |       |       |       |       |       |     1 ||     1
  Use: Scroll            |       |       |     6 |    14 |    13 |     5 ||    38
       Potion            |       |       |     4 |     9 |     2 |    13 ||    28
Armor: Leather armour    |    24 |    21 |     6 |       |    79 |   149 ||   279
       Steam dragon scal |       |       |    13 |   111 |    12 |       ||   136
       Skin              |       |       |    14 |       |       |       ||    14
       Chain mail        |       |       |       |    63 |       |       ||    63
       Robe              |       |       |       |       |       |    59 ||    59
Dodge: Dodged            |    35 |    52 |    74 |   354 |   324 |   677 ||  1516
Block: Buckler           |       |       |       |       |   159 |    67 ||   226
       Kite shield       |       |       |       |       |       |   364 ||   364

Table legend: (Time is in decaauts)
 A = Elapsed time spent in this place.
 B = Non-inter-level travel time spent in this place.
 C = Inter-level travel time spent in this place.
 D = Time resting spent in this place.
 E = Time spent auto-exploring this place.
 F = Levels seen in this place.
 G = Mean time per level.
                   A        B        C        D        E       F      G
               +--------+--------+--------+--------+--------+-----+--------+
         Total |  41987 |  36215 |   5772 |   8913 |  17408 |  36 | 1166.3 |
       Dungeon |  19497 |  16898 |   2599 |   3993 |   8276 |  15 | 1299.8 |
        Temple |    234 |    205 |     29 |      0 |    192 |   1 |  234.0 |
          Lair |   6504 |   5133 |   1371 |    690 |   2972 |   5 | 1300.8 |
         Swamp |   4039 |   3622 |    417 |   1010 |   1872 |   4 | 1009.8 |
   Spider Nest |   6395 |   5448 |    947 |   2086 |   1582 |   4 | 1598.8 |
  Orcish Mines |   1422 |   1198 |    224 |     76 |    783 |   2 |  711.0 |
   Elven Halls |   3071 |   2888 |    183 |    906 |   1386 |   2 | 1535.5 |
       Volcano |    284 |    284 |      0 |      0 |    193 |   1 |  284.0 |
      Gauntlet |    516 |    516 |      0 |    139 |    151 |   1 |  516.0 |
         Arena |     20 |     20 |      0 |     13 |      0 |   1 |   20.0 |
               +--------+--------+--------+--------+--------+-----+--------+

Top non-repeatable levels by time:
    D:10: 2395 daAuts
Spider:1: 2166 daAuts
    D:11: 1941 daAuts
Spider:2: 1819 daAuts
   Elf:1: 1596 daAuts
     D:9: 1592 daAuts
   Elf:2: 1474 daAuts
    D:15: 1462 daAuts
  Lair:4: 1446 daAuts
Spider:4: 1445 daAuts
 Swamp:4: 1337 daAuts
  Lair:3: 1329 daAuts
     D:8: 1279 daAuts
     D:3: 1277 daAuts
  Lair:5: 1269 daAuts
